 Dungeon Crawl Stone Soup version 0.28.0-53-g5a82cb258f (webtiles) character file.

Game seed: 6078911297888445611

435 Peloso the Covered (level 6, -5/56 HPs)
             Began as a Minotaur Fighter on July 15, 2022.
             Slain by a troll (8 damage)
             ... on level 5 of the Dungeon.
             The game lasted 00:06:10 (3867 turns).

Peloso the Covered (Minotaur Fighter)               Turns: 3867, Time: 00:06:12

Health: -5/56      AC: 12    Str: 21    XL:     6   Next: 68%
Magic:  5/5        EV:  8    Int:  5    God:
Gold:   266        SH:  5    Dex: 11    Spells: 5/5 levels left

rFire   . . .      SeeInvis .   a - +0 long sword
rCold   . . .      Faith    .   c - +0 buckler
rNeg    . . .      Spirit   .   l - +0 chain mail
rPois   .          Reflect  .   (helmet restricted)
rElec   .          Harm     .   (no cloak)
rCorr   .          Rampage  .   r - +0 pair of gloves
Will    .....                   e - +0 pair of boots
Stlth   ..........              (no amulet)
HPRegen 0.18/turn               (no ring)
MPRegen 0.09/turn               (no ring)

@: no status effects
A: horns 2, retaliatory headbutt
a: no special abilities


You were on level 5 of the Dungeon.
You visited 1 branch of the dungeon, and saw 5 of its levels.

You collected 266 gold pieces.

Inventory:

Hand Weapons
 a - a +0 long sword (weapon)
Armour
 b - a +0 scale mail
 c - a +0 buckler (worn)
 e - a +0 pair of boots (worn)
 l - a +0 chain mail (worn)
 r - a +0 pair of gloves (worn)
Jewellery
 m - an amulet of faith
Wands
 o - a wand of polymorph (10)
Scrolls
 f - a scroll of immolation
 g - a scroll of fog
 h - a scroll of magic mapping
 p - a scroll of teleportation {unknown}
Potions
 d - a potion of might
 j - a potion of flight
 k - a potion of mutation
 n - a potion of brilliance
 s - a potion of curing {unknown}


   Skills:
 + Level 5.0 Fighting
 + Level 5.4 Long Blades
 + Level 5.8 Armour
 + Level 1.3 Dodging
 + Level 0.5 Stealth
 + Level 4.5 Shields


You had 5 spell levels left.
You didn't know any spells.
Your spell library contained the following spells:

 Spells                   Type           Power      Damage    Failure   Level
 Blink                    Tloc           0%         N/A       100%        2
 Corpse Rot               Necr/Air       0%         N/A       100%        2
 Poisonous Vapours        Pois/Air       0%         N/A       100%        2
 Lesser Beckoning         Tloc           0%         N/A       100%        3
 Hailstorm                Conj/Ice       0%         3d3       100%        4
 Ice Form                 Ice/Tmut       0%         N/A       100%        4
 Manifold Assault         Tloc           0%         N/A       100%        5
 Simulacrum               Ice/Necr       0%         N/A       100%        6


Dungeon Overview and Level Annotations

Branches:
Dungeon (5/15)
 Temple: D:4-7

Altars:
Kikubaaqudgha


Innate Abilities, Weirdness & Mutations

You have a pair of horns on your head.
You reflexively headbutt those who attack you in melee.


Message History

You drop a potion of degeneration.
You hit the ogre but do no damage.
The ogre hits you with a +0 giant club!!
You hit the ogre but do no damage. You headbutt the ogre!
The ogre is heavily wounded.
You block the ogre's attack.
You slash the ogre!
You kill the ogre!
Your Fighting skill increases to level 5!
You see here a +0 giant club.
Found 12 stones.
You see here 12 stones.
There is an open door here.
Done exploring.
Done exploring.
Done exploring.
(D) Dungeon
Where to? (? - help)
What level of the Dungeon? (default 1, ? - help)
There is a stone staircase leading down here.
You climb downwards.
There is a stone staircase leading up here.
Sorry, I don't know how to get there.
A troll comes into view.
The troll moves out of view.
Found a glowing scarf.
The troll bites you! You block the troll's attack.
The troll closely misses you.
You hit the troll but do no damage. The troll bites you! The troll claws you!
The troll closely misses you.
You closely miss the troll. The troll bites you but does no damage.
The troll claws you. The troll claws you!
* * * LOW HITPOINT WARNING * * *
You slash the troll! Your headbutt misses the troll.
The troll is lightly wounded.
The troll bites you!
* * * LOW HITPOINT WARNING * * *
The troll claws you.
* * * LOW HITPOINT WARNING * * *
The troll claws you!
You die...

#.. ... ## ..# #.
#.# ..# ###.
#.#### .[# ...
#.#.##..# #.#
##.#.#T.#
#####.###.###@..#
.......#.## ##..#
#.#.#.# #.#
...###....#.# .#
#.....<#....... #
...###....##.###
# #.......#
....##### ######


You could see a troll.

Vanquished Creatures
  A necrophage (D:4)
  An ogre (D:4)
  A phantom (D:4)
  An orc priest (D:3)
  2 iguanas (D:4)
  3 adders
  An adder skeleton (D:4)
  A worm (D:2)
  A dart slug (D:2)
  7 orcs
  9 ball pythons
  6 endoplasms
  3 giant cockroaches (D:3)
  5 goblins
  8 hobgoblins
  2 jackals (D:3)
  4 quokkas
  5 bats
  4 frilled lizards (D:2)
  4 kobolds
  A quokka skeleton (D:4)
  3 rats
73 creatures vanquished.

Notes
Turn   | Place    | Note
-------+----------+-------------------------------------------
     0 | D:1      | Peloso the Minotaur Fighter began the quest for the Orb.
     0 | D:1      | Reached XP level 1. HP: 19/19 MP: 0/0
   666 | D:1      | Reached XP level 2. HP: 27/27 MP: 1/1
   997 | D:2      | Found an ancient bone altar of Kikubaaqudgha.
  1208 | D:2      | Reached XP level 3. HP: 5/33 MP: 2/2
  1630 | D:2      | Identified the +1 robe "Kobyot" {rPois rN+++ Str-3 Int-3}
  1990 | D:3      | Reached XP level 4. HP: 34/41 MP: 3/3
  2918 | D:4      | Reached XP level 5. HP: 47/47 MP: 4/4
  3018 | D:4      | Noticed a necrophage
  3030 | D:4      | Killed a necrophage
  3031 | D:4      | Reached skill level 5 in Armour
  3031 | D:4      | Reached skill level 1 in Dodging
  3050 | D:4      | Noticed a phantom
  3067 | D:4      | Killed a phantom
  3068 | D:4      | Reached XP level 6. HP: 33/55 MP: 5/5
  3215 | D:4      | Reached skill level 5 in Long Blades
  3589 | D:4      | Reached skill level 5 in Fighting
  3855 | D:5      | Entered Level 5 of the Dungeon
  3863 | D:5      | Noticed a troll
  3867 | D:5      | Slain by a troll

Illustrated notes

Levels and vault maps discovered:
D:1:      tarquinn_simple_flora_water_f, layout_loops_corners
D:2:      layout_loops_ring, basic_altar
D:3:      layout_rooms, kennysheep_generic_room_16
D:4:      layout_basic
D:5:      layout_loops_ring

Skill      XL: |  1  2  3  4  5  6 |
---------------+-------------------+-----
Armour         | 4 5 |  5.8
Fighting       | 4 5 |  5.0
Shields        | 4 |  4.5
Long Blades    | 3 4 5 |  5.4
Dodging        | 1 |  1.3
Stealth        | |  0.5

Action                   |  1- 3 |  4- 6 || total
-------------------------+-------+-------++-------
Melee: Long sword        |    71 |   113 ||   184
       Headbutt          |     7 |    16 ||    23
  Use: Scroll            |     1 |     6 ||     7
Armor: Scale mail        |    38 |    15 ||    53
       Chain mail        |       |    41 ||    41
Dodge: Dodged            |    38 |    50 ||    88
Block: Buckler           |    18 |    19 ||    37
